 Dungeon Crawl Stone Soup version 0.27.0-66-gdc8fb28755 (webtiles) character file.

Game seed: 15041961356414265232

8 Thatpatchoflichen the Chiller (level 2, 0/22 HPs)
             Began as a Draconian Ice Elementalist on Aug 20, 2021.
             Frozen to death by an endoplasm (5 damage)
             ... on level 1 of the Dungeon.
             The game lasted 00:01:31 (484 turns).

Thatpatchoflichen the Chiller (DrIE)                 Turns: 484, Time: 00:01:31

Health: 0/22       AC:  4    Str: 10    XL:     2   Next: 0%
Magic:  0/5        EV: 12    Int: 15    God:
Gold:   0          SH:  0    Dex: 11    Spells: 4/5 levels left

rFire    . . .     SeeInvis .   (no weapon)
rCold    . . .     Faith    .   (no shield)
rNeg     . . .     Spirit   .   (armour unavailable)
rPois    .         Reflect  .   (helmet restricted)
rElec    .         Harm     .   (no cloak)
rCorr    .         Rampage  .   (no gloves)
Will     .....                  (no boots)
Stlth    ++........             (no amulet)
HPRegen  0.07/turn              (no ring)
MPRegen  0.09/turn              (no ring)

@: no status effects
A: AC +4, unfitting armour, cold-blooded
a: no special abilities


You were on level 1 of the Dungeon.
You visited 1 branch of the dungeon, and saw 1 of its levels.

Inventory:

Scrolls
 a - a scroll of teleportation {unknown}


   Skills:
 + Level 0.3 Fighting
 + Level 1.8 Dodging
 - Level 1.7 Stealth
 * Level 2.2 Spellcasting
 * Level 4.2 Ice Magic


You had 4 spell levels left.
You knew the following spells:

 Your Spells              Type           Power      Damage    Failure   Level
a - Freeze                Ice            56%        1d7       3%          1

Your spell library contained the following spells:

 Spells                   Type           Power      Damage    Failure   Level
 Frozen Ramparts          Ice            28%        1d4       12%         3
 Ozocubu's Armour         Ice            14%        N/A       12%         3
 Slow                     Hex            1%         N/A       32%         2
 Confusing Touch          Hex            1%         N/A       54%         3
 Hailstorm                Conj/Ice       7%         3d4       67%         4
 Yara's Violent Unravell  Hex/Tmut       0%         3d3       99%         5


Dungeon Overview and Level Annotations

Branches:
Dungeon (1/15)

Altars:


Innate Abilities, Weirdness & Mutations

Your plain brown scales are hard. (AC +4)
You cannot fit into any form of body armour.
You are cold-blooded and may be slowed by cold attacks.


Message History

The ball python seems to slow down.
Aiming: Freeze (safe; 4% risk of failure)
Press: ? - help, Q - select action Shift-Dir - straight line, f/p - ball python
Aim: a ball python (heavily wounded, constricting you, slow)
You freeze the ball python.
You kill the ball python!
The quokka bites you but does no damage.
Aiming: Freeze (safe; 4% risk of failure)
Press: ? - help, Q - select action Shift-Dir - straight line, f - quokka
Aim: a quokka You freeze the quokka.
The quokka is heavily wounded.
The quokka bites you.
You don't have enough magic to cast this spell.
Unknown command.
You hit the quokka.
The quokka is severely wounded.
The quokka barely misses you.
You barely miss the quokka.
The quokka is severely wounded.
The quokka bites you but does no damage.
You closely miss the quokka.
The quokka is severely wounded.
The quokka barely misses you.
You barely miss the quokka.
The quokka is severely wounded.
The quokka barely misses you. The quokka bites you.
* * * LOW HITPOINT WARNING * * *
You hit the quokka.
You kill the quokka!
You have reached level 2!
You hit the endoplasm.
You tail-slap the endoplasm, but do no damage.
The endoplasm is lightly wounded.
The endoplasm misses you.
You hit the endoplasm but do no damage.
The endoplasm is lightly wounded.
The endoplasm freezes you.
You are frozen.
You die...

#.._..)#
#.....##
#⌠$⌠..#
#.###)#
#.....#
#####.#
#.# #J#
#@# #.#
#. # #.#
#.## #.#
#.#. #.#
#... #.#
#..
#.####
####..
#....#
###.....
#....#
##...##..


You could see an endoplasm.

Vanquished Creatures
  A ball python (D:1)
  2 kobolds (D:1)
  2 quokkas (D:1)
  A bat (D:1)
  A frilled lizard (D:1)
7 creatures vanquished.

Notes
Turn   | Place    | Note
-------+----------+-------------------------------------------
     0 | D:1      | Thatpatchoflichen the Draconian Ice Elementalist began the
                  | quest for the Orb.
     0 | D:1      | Reached XP level 1. HP: 14/14 MP: 3/3
   437 | D:1      | Found a faded altar of an unknown god.
   483 | D:1      | Reached XP level 2. HP: 5/22 MP: 0/5
   484 | D:1      | Frozen to death by an endoplasm

Illustrated notes

Levels and vault maps discovered:
D:1:      doesnt_arrival_eight_statues, layout_rooms,
          hellmonk_ecumenical_altar_run_dry, corexii_leaking_fountain

Action                   || total
-------------------------++-------
Melee: Unarmed           ||    21
       Tailslap          ||     1
 Cast: Freeze            ||     8
 Stab: Sleeping          ||     1
Armor: Skin              ||    12
Dodge: Dodged            ||    21
